 Dungeon Crawl Stone Soup version 0.24-a0-203-gf0bc1e9 (webtiles) character file.

Game seed: 9207475704085711478

2524 wirefist the Summoner (level 9, -6/69 HPs)
             Began as a Barachi Summoner on Mar 27, 2019.
             Was a Believer of Qazlal.
             Mangled by a wolf (7 damage)
             ... led by Grum
             ... on level 8 of the Dungeon.
             The game lasted 00:47:40 (8756 turns).

wirefist the Summoner (Barachi Summoner)            Turns: 8756, Time: 00:47:41

Health: -6/69      AC:  6    Str: 11    XL:     9   Next: 54%
Magic:  7/20       EV: 15    Int: 20    God:    Qazlal [**....]
Gold:   441        SH:  7    Dex: 12    Spells: 13/23 levels left

rFire    + . .     SeeInvis .   v - +2 rapier (elec)
rCold    . . .     Gourm    .   p - +0 buckler
rNeg     . . .     Faith    .   E - +2 robe {rF+}
rPois    .         Spirit   .   (no helmet)
rElec    .         Reflect  .   (no cloak)
rCorr    .         Harm     .   (no gloves)
MR       .....                  D - +1 pair of boots {Stlth+}
Stlth    ++........             x - amulet of regeneration
HPRegen  0.61/turn              G - +2 ring of strength
MPRegen  0.17/turn              (no ring)

@: can't hop, slow
A: +LOS, swims, slowness 1, strong legs 1
a: Hop, Upheaval, Renounce Religion


You were on level 8 of the Dungeon.
You worshipped Qazlal.
Qazlal was pleased with you.
You were hungry.

You visited 2 branches of the dungeon, and saw 9 of its levels.
You also visited: Sewer.

You collected 441 gold pieces.

Inventory:

Hand Weapons
 v - a +2 rapier of electrocution (weapon)
Armour
 a - a +0 robe
 p - a +0 buckler (worn)
 A - a +0 pair of boots
 D - a +1 pair of boots of stealth (worn)
 E - a +2 robe of fire resistance (worn)
Jewellery
 x - an amulet of regeneration (around neck)
 G - a +2 ring of strength (left hand)
Wands
 u - a wand of iceblast (11)
 y - a wand of disintegration (19)
 z - a wand of paralysis (17)
 B - a wand of acid (7)
 C - a wand of enslavement (7)
Scrolls
 d - 3 scrolls of enchant weapon
 e - 9 scrolls of identify
 f - 8 scrolls of teleportation
 h - 3 scrolls of amnesia {unknown}
 j - a scroll of magic mapping {unknown}
 o - 2 scrolls of remove curse
 w - a scroll of enchant armour
 F - a scroll of brand weapon {unknown}
Potions
 b - 6 potions of curing
 g - 2 potions of haste
 i - 2 potions of mutation {unknown}
 l - a potion of berserk rage {unknown}
 m - 2 potions of agility
 n - 2 potions of ambrosia {unknown}
 q - 5 potions of heal wounds
 r - 5 potions of flight
 s - a potion of brilliance {unknown}
 t - 2 potions of might {unknown}
 H - a potion of resistance {unknown}
Comestibles
 c - 8 rations


   Skills:
 + Level 6.0 Fighting
 + Level 6.1 Dodging
 - Level 1.7 Stealth
 - Level 4.1 Shields
 * Level 7.9 Spellcasting
 + Level 8.2 Summonings


You had 13 spell levels left.
You knew the following spells:

 Your Spells              Type           Power        Failure   Level  Hunger
a - Summon Small Mammal   Summ           ####         1%          1    None
b - Call Imp              Summ           #####...     1%          2    None
c - Call Canine Familiar  Summ           #####...     1%          3    None
d - Summon Lightning Spi  Summ/Air       ###.....     16%         4    ###....

Your spell library contained the following spells:

 Spells                   Type           Power        Failure   Level  Hunger
 Summon Guardian Golem    Hex/Summ       ###.....     4%          3    None
 Magic Dart               Conj           #...         9%          1    None
 Searing Ray              Conj           #.....       13%         2    None
 Summon Ice Beast         Ice/Summ       ###.....     16%         4    ###....
 Dazzling Spray           Conj/Hex       #.....       26%         3    None
 Force Lance              Conj/Tloc      #.......     65%         4    ###....
 Fulminant Prism          Conj/Hex       #.........   65%         4    ###....
 Iskenderun's Mystic Bla  Conj           #.......     65%         4    ###....


Dungeon Overview and Level Annotations

Branches:
Dungeon (8/15)             Temple (1/1) D:5
   Lair: D:8-11

Altars:
Ashenzari
Cheibriados
Dithmenos
Gozag
Hepliaklqana
Kikubaaqudgha
Makhleb
Nemelex Xobeh
Okawaru
Qazlal
Ru
Sif Muna
Trog
Uskayaw
Vehumet
Wu Jian
Xom
Yredelemnul
Zin

Shops:
D:7 *

Annotations:
D:8 Grum


Innate Abilities, Weirdness & Mutations

Shadows flee at your approach. (+LOS)
You can swim through water.
You cover ground slowly.
You can hop short distances.


Message History

The wolf closely misses you. The wolf bites you but does no damage.
The wolf bites you!
* * * LOW HITPOINT WARNING * * *
The wolf completely misses you. The wolf closely misses you.
You block the wolf's attack. The wolf bites you but does no damage.
The wolf bites you.
* * * LOW HITPOINT WARNING * * *
The wolf completely misses you. The wolf bites you but does no damage.
The wolf closely misses you.
There is an escape hatch in the floor here.
The wolf closely misses you. You block the wolf's attack.
You slide downwards.
The hatch slams shut behind you.
Level annotation: Grum Grum growls angrily.
The wolf bites you!
* * * LOW HITPOINT WARNING * * *
The wolf bites you!
You die...

..........#.h.#........#.#
#.............###...h....#
##.........5.###..##g†....
#.......h...g.##..##8.....
#.............%....#.....5
##.......##...............
.........##...............
#.......h°..$...........##
#........@..............##
........h○................
..#............##.......##
##............#.......#.
#.......................
............######.......
..........##.. ........
..#.#.....# .## ##........
..#.#...... ...##.........


You could see Grum and 3 wolves.

Vanquished Creatures
  A two-headed ogre (D:8)
  Joseph (D:6)
  A black bear (D:7)
  2 ogres (D:7)
  A centaur (D:6)
  A bullfrog (D:7)
  2 hounds
  2 orc priests (D:6)
  2 orc wizards
  2 worker ant zombies
  8 orcs
  A giant cockroach (D:5)
  A quokka (D:6)
  A rat (D:1)
26 creatures vanquished.

Vanquished Creatures (collateral kills)
  A hippogriff (D:8)
  Eustachio (D:5)
  Menkaure (D:5)
  2 sky beasts (D:7)
  A phantom (D:4)
  2 ice beasts
  2 centaurs
  A wolf (D:8)
  2 ogres (D:4)
  A big kobold (Sewer)
  4 bullfrogs
  A bullfrog zombie (D:8)
  A crimson imp (D:4)
  A quasit (D:5)
  A hound (Temple)
  3 orc priests
  A bullfrog skeleton (D:6)
  A jelly (D:6)
  3 orc wizards
  An iguana (D:4)
  Ijyb (D:5)
  5 worker ants
  A killer bee zombie (D:6)
  3 hound skeletons
  A howler monkey skeleton (D:4)
  11 adders
  7 river rats
  A shadow imp (D:6)
  2 oozes
  5 worms
  A dart slug (D:1)
  4 leopard geckos
  18 orcs
  10 ball pythons
  3 bats (D:1)
  2 giant cockroaches
  3 goblins
  7 hobgoblins
  7 jackals
  A quokka (D:5)
  4 frilled lizards
  16 kobolds
  2 leopard gecko skeletons
  A quokka skeleton (D:4)
  A quokka zombie (D:5)
  25 rats
173 creatures vanquished.

Vanquished Creatures (others)
  An orc wizard (D:6)
1 creature vanquished.

Grand Total: 200 creatures vanquished

Notes
Turn   | Place    | Note
-------+----------+-------------------------------------------
     0 | D:1      | wirefist the Barachi Summoner began the quest for the Orb.
     0 | D:1      | Reached XP level 1. HP: 13/13 MP: 3/3
    65 | D:1      | Reached skill level 5 in Summonings
    97 | D:1      | Reached XP level 2. HP: 13/19 MP: 1/5
   537 | D:1      | Learned a level 2 spell: Call Imp
   604 | D:2      | Found a hazy altar of Hepliaklqana.
   755 | D:2      | Reached skill level 1 in Fighting
   755 | D:2      | Reached XP level 3. HP: 26/26 MP: 2/6
   972 | D:2      | Found a bloodstained altar of Trog.
   984 | D:2      | Found an opulent altar of Gozag.
  1018 | D:2      | Found an ornate altar of the Wu Jian Council.
  1587 | D:3      | Reached XP level 4. HP: 32/32 MP: 3/8
  2106 | D:4      | Noticed an ogre
  2189 | D:4      | Killed an ogre
  2189 | D:4      | Reached skill level 1 in Shields
  2189 | D:4      | Reached XP level 5. HP: 26/38 MP: 3/10
  2360 | D:4      | Found a glowing drain.
  2390 | Sewer    | Entered a sewer
  3017 | Sewer    | Reached XP level 6. HP: 39/46 MP: 5/11
  3393 | D:4      | Reached skill level 6 in Summonings
  3438 | D:4      | Noticed a phantom
  3623 | D:4      | Found an iron altar of Okawaru.
  3679 | D:4      | Found a sacrificial altar of Ru.
  3892 | D:4      | Killed a phantom
  4031 | D:4      | Learned a level 3 spell: Call Canine Familiar
  4265 | D:5      | Entered Level 5 of the Dungeon
  4278 | D:5      | Noticed Eustachio
  4317 | D:5      | Killed Eustachio
  4317 | D:5      | Reached XP level 7. HP: 20/52 MP: 8/14
  4696 | D:5      | Noticed Menkaure
  4712 | D:5      | Killed Menkaure
  4781 | D:5      | Noticed Ijyb
  4790 | D:5      | Killed Ijyb
  4808 | D:5      | Found a staircase to the Ecumenical Temple.
  4819 | Temple   | Entered the Ecumenical Temple
  4837 | Temple   | Reached skill level 5 in Spellcasting
  4856 | Temple   | Became a worshipper of Qazlal Stormbringer
  5010 | D:5      | Found a sparkling altar of Nemelex Xobeh.
  5151 | D:5      | Found an ancient bone altar of Kikubaaqudgha.
  5834 | D:5      | HP: 1/52 [ice beast (13)]
  6208 | D:6      | Reached XP level 8. HP: 45/60 MP: 13/16
  6858 | D:6      | Reached * piety under Qazlal
  7171 | D:7      | Reached skill level 7 in Summonings
  7242 | D:7      | Noticed Joseph
  7277 | D:6      | Killed Joseph
  7277 | D:6      | Reached skill level 5 in Dodging
  7383 | D:6      | Learned a level 4 spell: Summon Lightning Spire
  7613 | D:7      | Found Zin's Purification Station.
  7615 | D:7      | Found a glowing silver altar of Zin.
  7781 | D:7      | Reached skill level 5 in Fighting
  8101 | D:7      | Reached XP level 9. HP: 65/68 MP: 11/19
  8294 | D:7      | Reached ** piety under Qazlal
  8477 | D:8      | Noticed a two-headed ogre
  8487 | D:8      | Killed a two-headed ogre
  8487 | D:8      | Reached skill level 8 in Summonings
  8538 | D:8      | Found a hide-covered altar of Uskayaw.
  8687 | D:8      | Noticed Grum
  8756 | D:8      | HP: 1/69 [wolf[Grum] (11)]
  8756 | D:8      | Mangled by a wolf

Levels and vault maps discovered:
D:1:      ncdulo_smallfort, layout_basic, due_unseen_surprise
D:2:      layout_rooms, nicolae_overflow_quartered_altars
D:3:      layout_loops_corners, first_ration, solitary_fountain, st_stairs_2
D:4:      layout_basic, lemuel_crystal_altar, overflow_temple_1_default,
          portal_sewer_entry_a, kennysheep_crisscross
D:5:      layout_gridville, nicolae_overflow_hidden_temple,
          minmay_temple_entry_steel_oval, uniq_ijyb, uniq_menkaure,
          uniq_eustachio
D:6:      layout_basic, serial_glass, glass_columns_b, glass_columns_a
D:7:      layout_loops_ring, zin_purify, uniq_joseph
D:8:      layout_cave_pools, lemuel_crystal_altar, uniq_grum
Temple:   jpeg_temple_island
Sewer:    sewer_minmay_treatment

Skill      XL: |  1  2  3  4  5  6  7  8  9 |
---------------+----------------------------+-----
Summonings     | 5 6 7 8 |  8.2
Fighting       | 1 2 3 5 6 |  6.0
Spellcasting   | 3 4 5 6 7 |  7.9
Dodging        | 3 4 5 6 |  6.1
Shields        | 1 2 3 4 |  4.1
Stealth        | |  1.7

Action                   |  1- 3 |  4- 6 |  7- 9 || total
-------------------------+-------+-------+-------++-------
Melee: Unarmed           |    24 |    10 |       ||    34
       Rapier            |       |       |    69 ||    69
 Cast: Summon Small Mamm |    20 |    18 |     6 ||    44
       Call Imp          |    22 |    71 |    60 ||   153
       Call Canine Famil |       |     3 |    36 ||    39
       Summon Lightning  |       |       |    16 ||    16
 Abil: Hop               |       |       |     4 ||     4
  Use: Potion            |       |       |     4 ||     4
       Scroll            |       |       |    12 ||    12
 Stab: Sleeping          |     2 |       |       ||     2
       Distracted        |       |       |     1 ||     1
  Eat: Chunk             |     4 |    10 |     7 ||    21
       Ration            |       |     1 |     3 ||     4
Armor: Robe              |    11 |    13 |    40 ||    64
Dodge: Dodged            |    34 |    67 |   139 ||   240
Block: Buckler           |       |    12 |    52 ||    64

Table legend:
 A = Non-vault XP
 B = Vault XP
 C = Vault XP percentage of total XP
 D = Non-vault monster count
 E = Vault monster count
 F = Vault count percentage of total count
                 A         B        C        D         E       F
            +---------+---------+-------+---------+---------+-------
      Total |    2882 |     724 |  20.1 |     139 |      61 |  30.5
            +---------+---------+-------+---------+---------+-------
        D:1 |      18 |       0 |   0.0 |      16 |       0 |   0.0
        D:2 |      18 |       0 |   0.0 |       8 |       0 |   0.0
        D:3 |      44 |       8 |  15.4 |      13 |       2 |  13.3
        D:4 |     308 |      20 |   6.1 |      20 |       6 |  23.1
        D:5 |     172 |     204 |  54.3 |      16 |       3 |  15.8
        D:6 |     543 |     290 |  34.8 |      32 |       1 |   3.0
        D:7 |     653 |       0 |   0.0 |      19 |       0 |   0.0
        D:8 |    1086 |      58 |   5.1 |      13 |       1 |   7.1
     Temple |      40 |       0 |   0.0 |       2 |       0 |   0.0
      Sewer |       0 |     144 | 100.0 |       0 |      48 | 100.0
            +---------+---------+-------+---------+---------+-------
